 Dungeon Crawl Stone Soup version 0.19-a0-262-g5df7875 (webtiles) character file.

48320 esc the Eclecticist (level 14, 0/80 HPs)
             Began as a Deep Elf Fire Elementalist on May 25, 2016.
             Was a High Priest of Vehumet.
             Slain by a dire elephant (10 damage)
             ... on level 8 of the Lair of Beasts.
             The game lasted 01:39:35 (26238 turns).

esc the Eclecticist (Deep Elf Fire Elementalist)   Turns: 26238, Time: 01:39:35

Health: 0/80       AC: 13    Str: 11    XL:     14   Next: 11%
Magic:  26/35      EV: 20    Int: 26    God:    Vehumet [*****.]
Gold:   1238       SH:  0    Dex: 17    Spells: 10 memorised, 12 levels left

rFire  . . .     SeeInvis .     t - +3 dagger (speed)
rCold  . . .     Gourm    .     L - +3 ring mail of the Equinox {rN+ Str+6 Dex+2}
rNeg   + . .     Faith    +     (no shield)
rPois  .         Spirit   .     (no helmet)
rElec  .         Dismiss  .     l - +0 cloak {MR+}
rCorr  .         Reflect  .     n - +1 pair of gloves
SustAt .         Harm     .     u - +0 pair of boots
MR     ++...                    J - amulet of faith {Faith, !P}
Stlth  ++........               S - ring of wizardry {Wiz+, !d}
                                d - +4 ring of evasion

@: about to teleport, marked, very resistant to hostile enchantments, unstealthy
A: no striking features
a: Renounce Religion


You were on level 8 of the Lair of Beasts.
You worshipped Vehumet.
Vehumet was extremely pleased with you.
You were not hungry.

You visited 3 branches of the dungeon, and saw 18 of its levels.
You also visited: Labyrinth and Ice Cave.

You collected 1238 gold pieces.

Inventory:

Hand Weapons
 t - a +3 dagger of speed (weapon)
   (You found it on level 5 of the Dungeon)
Missiles
 m - 602 stones (quivered)
 H - 6 tomahawks of returning
 Q - 13 javelins
Armour
 l - a +0 cloak of magic resistance (worn)
   (You found it on level 5 of the Dungeon)
 n - a +1 pair of gloves (worn)
   (You found it on level 1 of the Dungeon)
 u - a +0 pair of boots (worn)
   (You found it on level 5 of the Dungeon)
 L - the +3 ring mail of the Equinox (worn) {rN+ Str+6 Dex+2}
   (You found it on level 7 of the Lair of Beasts)

   It affects your strength (+6).
   It affects your dexterity (+2).
   It protects you from negative energy.
Jewellery
 d - a +4 ring of evasion (left hand)
   (You found it on level 1 of the Dungeon)
 A - a +5 amulet of reflection
   (You found it on level 7 of the Dungeon)
 J - an amulet of faith (around neck) {Faith, !P}
   (You found it on level 4 of the Lair of Beasts)
 S - a ring of wizardry (right hand) {Wiz+, !d}
   (You found it on level 6 of the Lair of Beasts)
 U - an uncursed ring of flight {+Fly, !d}
   (You took it off a minotaur in a labyrinth)
Wands
 o - a wand of lightning (8/15)
   (You found it on level 7 of the Dungeon)
 s - a wand of slowing (25/48)
   (You took it off a goblin on level 3 of the Dungeon)
 x - a wand of hasting (5/9)
   (You took it off Joseph on level 7 of the Dungeon)
 B - a wand of disintegration (14/24)
   (You found it on level 7 of the Dungeon)
 N - a wand of enslavement (12/24)
   (You found it on level 3 of the Lair of Beasts)
 R - a wand of acid (10/15)
   (You found it on level 6 of the Lair of Beasts)
 T - a wand of teleportation (3/9)
   (You took it off a minotaur in a labyrinth)
Scrolls
 f - 7 scrolls of remove curse
 h - 5 scrolls of teleportation
 v - a scroll of enchant weapon
 D - 3 scrolls of amnesia
 F - 8 scrolls of enchant armour
Potions
 g - 3 potions of lignification {!q}
 j - a potion of flight
 k - a potion of ambrosia
 p - 2 potions of cancellation
 r - 2 potions of brilliance
 w - 2 potions of heal wounds
 z - 3 potions of curing
 C - 3 potions of might
 G - 4 potions of resistance
 M - a potion of berserk rage {!q}
Miscellaneous
 P - a sack of spiders {used: 1}
   (You found it on level 5 of the Lair of Beasts)
 V - an ornate deck of summoning
   (You found it in a labyrinth)
Comestibles
 a - 2 chunks of flesh {@w0}
 c - 8 bread rations {@e1}
 K - 8 fruits


   Skills:
 - Level 6.4 Fighting
 - Level 3.1 Short Blades
 + Level 5.0 Armour
 - Level 9.8 Dodging
 - Level 2.4 Stealth
 + Level 15.2 Spellcasting
 + Level 12.2 Conjurations
 + Level 4.3 Hexes
 + Level 5.0 Charms
 + Level 3.0 Translocations
 + Level 12.0 Fire Magic
 + Level 3.5 Ice Magic
 + Level 3.3 Air Magic
 + Level 3.4 Poison Magic


You had 12 spell levels left.
You knew the following spells:

 Your Spells              Type           Power        Failure   Level  Hunger
a - Flame Tongue          Conj/Fire      #####        1%          1    None
b - Ensorcelled Hibernat  Hex/Ice        #####.       1%          2    None
c - Mephitic Cloud        Conj/Pois/Air  ######..     1%          3    None
d - Bolt of Cold          Conj/Ice       ######....   4%          6    ####...
f - Fireball              Conj/Fire      ######....   1%          5    #......
g - Apportation           Tloc           #####.....   1%          1    None
s - Sticky Flame          Conj/Fire      ######..     1%          4    None
x - Throw Flame           Conj/Fire      ######       1%          2    None
z - Iskenderun's Battles  Conj/Chrm      ######..     1%          5    #......
P - Cure Poison           Pois           #####.....   1%          2    None


Dungeon Overview and Level Annotations

Branches:
Dungeon (9/15)             Temple (1/1) D:6            Lair (8/8) D:9
  Swamp (0/4) Lair:6        Snake (0/4) Lair:3        Slime (0/6) Lair:6
    Orc: D:9-12

Altars:
Cheibriados
Elyvilon
Gozag
Hepliaklqana
Kikubaaqudgha
Makhleb
Nemelex Xobeh
Okawaru
Pakellas
Qazlal
Ru
Ukayaw
Vehumet
Xom
Yredelemnul
Zin
The Shining One
Jiyva

Annotations:
D:3 DEFE's ghost, amateur HEGl
Lair:1 exclusion: 2 electric eels
Lair:6 DEFE's ghost, journeyman MfFi


Message History

Your battlesphere fires!
The barrage of energy hits the dire elephant.
You now have 20/35 mp.
Aim: a dire elephant (severely wounded, confused)
The puff of flame hits the dire elephant.
Your battlesphere fires!
The barrage of energy hits the dire elephant.
Your battlesphere expends the last of its energy and dissipates.
You now have 19/35 mp.
Aim: a dire elephant (severely wounded, confused)
The puff of flame hits the dire elephant.
You now have 17/35 mp.
You conjure a globe of magical energy.
You now have 12/35 mp.
Aim: a dire elephant (almost dead, confused)
The puff of flame hits the dire elephant.
Your battlesphere fires!
The barrage of energy hits the dire elephant.
You kill the dire elephant!
Vehumet accepts your kill.
You feel your power returning.
Your Charms skill increases to level 5!
Your Translocations skill increases to level 3!
You regained 5 mp, and now have 17/35 mp.
There is an open door here.
You close the door.
You start resting.
Your battlesphere wavers and loses cohesion.
You regained 10 mp, and now have 29/35 mp.
You start resting.
MP restored: 35 You enter the shallow water.
Moving in this stuff is going to be slow.
You open the large door. 2 dire elephants come into view.
The dire elephant trumpets!
The ball explodes into a vile cloud!
The stinking cloud engulfs the dire elephant.
The dire elephant tramples you!
You hold your ground!
The dire elephant barely misses you.
The dire elephant is engulfed in noxious fumes.
You take 11 damage, and have 69/80 hp.
You now have 32/35 mp.
Okay, then.
The dire elephant is engulfed in noxious fumes.
The dire elephant completely misses you.
The dire elephant closely misses you.
You open the door. The dire elephant tramples you!
You stumble backwards!
You take 12 damage, and have 58/80 hp.
Aim: a dire elephant
Okay, then.
The alarm trap emits a blaring wail!
A sentinel's mark forms upon you.
You hear a trumpeting! x3
There is a large open door here.
Okay, then.
You see here an uncursed amulet of rage {+Rage, !d}.
MP restored: 35
There is an open door here.
Aim: a dire elephant
Okay, then.
A dire elephant comes into view.
Read which item? (? for menu, Esc to quit)
As you read the scroll of teleportation, it crumbles to dust.
You feel strangely unstable. The dire elephant barely misses you.
The dire elephant trunk-slaps you but does no damage.
Aim: a dire elephant That beam is likely to hit you.
Continue anyway?
The ball explodes into a vile cloud!
The stinking cloud engulfs the dire elephant.
The stinking cloud engulfs you!
The stinking cloud engulfs the dire elephant.
You are engulfed in noxious fumes.
The dire elephant is engulfed in noxious fumes.
The dire elephant tramples you!!
You stumble backwards!
You take 22 damage, and have 39/80 hp.
MASSIVE DAMAGE!!
You now have 32/35 mp.
That beam is likely to hit you.
Continue anyway?
Okay, then.
The ball explodes into a vile cloud!
The stinking cloud engulfs the dire elephant.
The dire elephant is engulfed in noxious fumes. x3
The dire elephant completely misses you.
The dire elephant closely misses you.
You now have 29/35 mp.
That beam is likely to hit you.
Continue anyway?
The ball explodes into a vile cloud!
The stinking cloud engulfs the dire elephant.
The stinking cloud engulfs you!
You are engulfed in noxious fumes.
The dire elephant is engulfed in noxious fumes.
The dire elephant tramples you!!
* * * LOW HITPOINT WARNING * * *
You hold your ground!
The dire elephant misses you.
The dire elephant is engulfed in noxious fumes. x2
The dire elephant appears confused.
The dire elephant misses you. The dire elephant trunk-slaps you!
You die...

≈≈≈<........#.####''#*
≈≈≈.........#.##P≈≈≈##
≈≈≈≈........#.#.≈≈≈≈≈#
≈≈..........#.#≈≈≈≈≈≈#
.≈..........#.##≈≈≈..#
............#..#≈...##
..#.........##§####'##
............♣#§Y§#8.8#
P#...........###@#...#
..#...........##Y##..###
..............♣#Y§#..'.##
..............♣##.#..'Y.###
DS............♣ #.####"...#
.............♣# #...8#....#
.............#**###.Y'...##
P.P#........♣#,,,+...##...#
............#*,,,#####...##


You could see 3 dire elephants.

Vanquished Creatures
  A dire elephant (Lair:8)
  A minotaur (Lab)
  5 hydras
  An anaconda (Lair:8)
  A catoblepas (Lair:8)
  9 death yaks
  The ghost of DEFE the Carver, a novice HEGl of Ukayaw (D:8)
  A necromancer (Lair:3)
  3 griffons
  9 elephants
  3 black mambas
  Joseph (D:7)
  3 torpor snails
  14 spiny frogs
  9 komodo dragons
  3 rime drakes
  A polar bear (Lair:6)
  20 blink frogs
  A wyvern (Lair:7)
  A spriggan (Lair:1)
  42 yaks
  2 basilisks
  9 hippogriffs
  2 nagas (Lair:3)
  14 water moccasins
  15 porcupines
  Duvessa (D:7)
  An orc warrior (D:8)
  3 sky beasts
  A black bear (Lair:2)
  2 ogres
  9 ice beasts
  13 wolves
  A centaur (D:8)
  12 crocodiles
  20 giant frogs
  A scorpion (D:6)
  Dowan (D:7)
  A water moccasin skeleton (D:7)
  3 wights (D:6)
  A crimson imp (D:6)
  2 centaur zombies (D:8)
  A jelly (D:7)
  3 orc priests
  A centaur skeleton (D:8)
  2 quasits (D:8)
  8 orc wizards
  A giant frog skeleton (D:5)
  6 iguanas
  3 killer bee zombies
  8 worker ants
  A yak simulacrum (Lair:3)
  2 polar bear simulacra (Lair:3)
  19 sheep
  3 wolf simulacra (Lair:3)
  A hound skeleton (D:8)
  A howler monkey zombie (D:7)
  A worker ant zombie (D:5)
  3 gnolls (D:7)
  6 adders
  59 river rats
  A shadow imp (D:7)
  2 oozes
  5 worms
  3 dart slugs
  4 giant geckos
  20 orcs
  3 ball pythons (D:2)
  A giant cockroach (D:8)
  8 goblins
  11 hobgoblins
  12 jackals
  3 quokkas
  4 bats
  A giant cockroach zombie (D:6)
  2 giant newts
  A goblin zombie (D:8)
  3 hobgoblin zombies (D:8)
  10 kobolds
  3 kobold zombies (D:8)
  3 orc skeletons (D:8)
  6 rats
  5 river rat simulacra (Lair:3)
  3 plants (Lair:8)
487 creatures vanquished.

Vanquished Creatures (collateral kills)
  A spiny frog (Lair:6)
1 creature vanquished.

Vanquished Creatures (others)
  A worker ant (Lair:4)
  20 fungi
  8 plants
29 creatures vanquished.

Grand Total: 517 creatures vanquished

Notes
Turn   | Place    | Note
--------------------------------------------------------------
     0 | D:1      | esc the Deep Elf Fire Elementalist began the quest for the Orb.
     0 | D:1      | Reached XP level 1. HP: 10/10 MP: 6/6
   214 | D:1      | Reached XP level 2. HP: 15/15 MP: 5/8
   751 | D:1      | Reached skill level 3 in Dodging
   956 | D:1      | Reached XP level 3. HP: 19/19 MP: 8/10
  1504 | D:2      | Reached skill level 2 in Conjurations
  1884 | D:2      | Found a white marble altar of Elyvilon.
  2000 | D:2      | Reached XP level 4. HP: 24/24 MP: 9/11
  2108 | D:2      | Found a snail-covered altar of Cheibriados.
  2578 | D:3      | Reached skill level 4 in Spellcasting
  2666 | D:3      | Noticed an ogre
  2682 | D:3      | Noticed DEFE's ghost (amateur HEGl)
  2778 | D:3      | Reached skill level 1 in Fighting
  2788 | D:3      | Found an opulent altar of Gozag.
  2886 | D:3      | You fall through a shaft for 2 floors!
  2886 | D:5      | Entered Level 5 of the Dungeon
  2989 | D:5      | Reached XP level 5. HP: 29/29 MP: 6/13
  3092 | D:4      | Reached skill level 3 in Conjurations
  3092 | D:4      | Reached skill level 4 in Fire Magic
  3266 | D:4      | Found an ancient bone altar of Kikubaaqudgha.
  3484 | D:3      | Killed an ogre
  3484 | D:3      | Reached skill level 4 in Dodging
  3484 | D:3      | Reached XP level 6. HP: 35/35 MP: 8/15
  3663 | D:5      | Reached skill level 2 in Fighting
  3753 | D:5      | Learned a level 2 spell: Throw Flame
  3772 | D:5      | Reached skill level 4 in Conjurations
  3848 | D:5      | Reached skill level 5 in Spellcasting
  3848 | D:5      | Reached XP level 7. HP: 40/40 MP: 5/16
  4260 | D:5      | Learned a level 4 spell: Sticky Flame
  4428 | D:5      | Reached skill level 5 in Dodging
  4428 | D:5      | Reached skill level 5 in Fire Magic
  4527 | D:5      | Found a shimmering altar of Xom.
  4527 | D:5      | Found a shimmering altar of Xom.
  4540 | D:5      | Found a shimmering altar of Xom.
  4968 | D:6      | Reached skill level 5 in Conjurations
  4994 | D:6      | Found a sparkling altar of Nemelex Xobeh.
  5014 | D:6      | Reached skill level 6 in Spellcasting
  5167 | D:6      | Found a basalt altar of Yredelemnul.
  5170 | D:6      | Found a sacrificial altar of Ru.
  5170 | D:6      | Found an oddly glowing altar of Pakellas.
  5214 | D:6      | Reached XP level 8. HP: 45/45 MP: 1/19
  5629 | D:6      | Found a staircase to the Ecumenical Temple.
  5637 | Temple   | Entered the Ecumenical Temple
  5688 | Temple   | Became a worshipper of Vehumet
  5975 | D:6      | Found a sparkling altar of Nemelex Xobeh.
  5983 | D:7      | Noticed Joseph
  6024 | D:7      | Reached skill level 6 in Fire Magic
  6035 | D:7      | Learned a level 2 spell: Ensorcelled Hibernation
  6192 | D:7      | Learned a level 3 spell: Mephitic Cloud
  6195 | D:7      | Learned a level 2 spell: Cure Poison
  6234 | D:7      | Found a hide-covered altar to Ukayaw.
  6410 | D:7      | Noticed Dowan
  6426 | D:7      | Reached skill level 7 in Spellcasting
  6426 | D:7      | Reached skill level 6 in Conjurations
  6426 | D:7      | Reached skill level 1 in Hexes
  6513 | D:7      | Killed Joseph
  6513 | D:7      | Reached skill level 2 in Hexes
  6513 | D:7      | Reached skill level 1 in Ice Magic
  6513 | D:7      | Reached skill level 1 in Air Magic
  6513 | D:7      | Reached skill level 1 in Poison Magic
  6825 | D:7      | Noticed Duvessa
  6835 | D:7      | Killed Dowan
  6857 | D:7      | Reached skill level 2 in Ice Magic
  7097 | D:7      | Killed Duvessa
  7320 | D:7      | Found an iron altar of Okawaru.
  7325 | D:7      | Reached XP level 9. HP: 45/49 MP: 9/22
  7650 | D:8      | Found a glowing golden altar of the Shining One.
  7930 | D:8      | Reached skill level 8 in Spellcasting
  7974 | D:8      | Found a burning altar of Makhleb.
  7992 | D:8      | Reached skill level 7 in Conjurations
  7997 | D:8      | Noticed a cacodemon
  8120 | D:8      | Found a glowing silver altar of Zin.
  8121 | D:8      | Noticed an angel
  8190 | D:8      | Reached * piety under Vehumet
  8190 | D:8      | Offered knowledge of Shock by Vehumet.
  8453 | D:8      | Reached skill level 7 in Fire Magic
  8785 | D:8      | Learned a level 5 spell: Fireball
  8869 | D:8      | Noticed DEFE's ghost (novice HEGl)
  8927 | D:8      | Killed DEFE's ghost
  8927 | D:8      | Reached skill level 9 in Spellcasting
  9105 | D:8      | Reached skill level 8 in Conjurations
  9263 | D:9      | Found a staircase to the Lair.
  9270 | Lair:1   | Entered Level 1 of the Lair of Beasts
  9288 | Lair:1   | Reached skill level 8 in Fire Magic
  9300 | Lair:1   | Found a frozen archway.
  9432 | Lair:1   | Reached XP level 10. HP: 54/54 MP: 9/25
  9439 | Lair:1   | Reached skill level 10 in Spellcasting
  9449 | IceCv    | Entered an ice cave
  9986 | Lair:1   | Offered knowledge of Throw Frost by Vehumet.
  9986 | Lair:1   | Reached skill level 9 in Conjurations
 10374 | Lair:1   | Noticed a spiny frog
 10376 | Lair:1   | Reached ** piety under Vehumet
 10382 | Lair:1   | Killed a spiny frog
 10736 | Lair:2   | Reached skill level 9 in Fire Magic
 11301 | Lair:2   | Noticed an eight-headed hydra
 11314 | Lair:2   | Killed an eight-headed hydra
 11314 | Lair:2   | Reached skill level 11 in Spellcasting
 11369 | Lair:2   | Noticed a spiny frog
 11375 | Lair:2   | Killed a spiny frog
 11542 | Lair:3   | Noticed a five-headed hydra
 11690 | Lair:3   | Reached skill level 10 in Conjurations
 11960 | Lair:3   | Found a staircase to the Snake Pit.
 12031 | Lair:3   | Noticed a torpor snail
 12038 | Lair:3   | Killed a torpor snail
 12076 | Lair:3   | Noticed a spiny frog
 12086 | Lair:3   | Killed a spiny frog
 12086 | Lair:3   | Reached skill level 10 in Fire Magic
 12098 | Lair:3   | Reached XP level 11. HP: 45/59 MP: 2/28
 12293 | Lair:3   | Reached skill level 12 in Spellcasting
 12710 | Lair:3   | Killed a five-headed hydra
 12862 | Lair:3   | Noticed a seven-headed hydra
 12871 | Lair:3   | Killed a seven-headed hydra
 13177 | Lair:3   | Noticed a necromancer
 13228 | Lair:3   | Killed a necromancer
 13228 | Lair:3   | Reached skill level 11 in Conjurations
 13249 | Lair:3   | Offered knowledge of Ignite Poison by Vehumet.
 13856 | Lair:4   | Reached *** piety under Vehumet
 13890 | Lair:4   | Reached skill level 11 in Fire Magic
 13907 | Lair:4   | Reached skill level 13 in Spellcasting
 14324 | Lair:4   | Offered knowledge of Force Lance by Vehumet.
 14825 | Lair:4   | HP: 14/59 [poisoned by a black mamba]
 14831 | Lair:4   | HP: 12/59 [poisoned by a black mamba]
 14836 | Lair:4   | HP: 11/59 [poisoned by a black mamba]
 14844 | Lair:4   | HP: 11/59 [poisoned by a black mamba]
 15686 | Lair:5   | Reached **** piety under Vehumet
 15886 | Lair:5   | Identified a scroll of acquirement
 15887 | Lair:5   | Got a twisted shield
 15893 | Lair:5   | Identified the +5 shield of the Abyss {Str+3} (You acquired it on level 5 of the Lair of Beasts)
 16018 | Lair:5   | HP: 8/59 [komodo dragon (18)]
 16021 | Lair:5   | Reached skill level 12 in Conjurations
 16090 | Lair:5   | Reached skill level 1 in Short Blades
 16093 | Lair:5   | Offered knowledge of Iskenderun's Battlesphere by Vehumet.
 16100 | Lair:5   | Learned a level 5 spell: Iskenderun's Battlesphere
 16375 | Lair:5   | Reached XP level 12. HP: 64/64 MP: 18/31
 16383 | Lair:5   | Reached skill level 3 in Fighting
 16383 | Lair:5   | Reached skill level 1 in Charms
 16719 | Lair:5   | Reached skill level 2 in Short Blades
 16898 | Lair:5   | Reached skill level 6 in Dodging
 16934 | Lair:5   | Reached skill level 2 in Charms
 17286 | Lair:5   | Reached skill level 4 in Fighting
 17363 | Lair:5   | Reached skill level 7 in Dodging
 17693 | Lair:6   | Noticed DEFE's ghost (journeyman MfFi)
 17705 | Lair:4   | HP: 10/66 [blink frog (10)]
 17708 | Lair:4   | Reached skill level 3 in Charms
 18042 | Lair:5   | Reached ***** piety under Vehumet
 18268 | Lair:6   | Found a viscous altar of Jiyva.
 18268 | Lair:6   | Found a staircase to the Slime Pits.
 18276 | Lair:6   | Offered knowledge of Bolt of Cold by Vehumet.
 18389 | Lair:6   | Found a staircase to the Swamp.
 18564 | Lair:6   | Reached skill level 3 in Short Blades
 18614 | Lair:6   | Reached skill level 5 in Fighting
 18614 | Lair:6   | Reached skill level 8 in Dodging
 19433 | Lair:6   | Reached skill level 9 in Dodging
 19460 | Lair:6   | HP: 14/69 [blink frog (9)]
 19467 | Lair:6   | Reached skill level 6 in Fighting
 19855 | Lair:6   | Noticed a death yak
 19857 | Lair:6   | Noticed a death yak
 19880 | Lair:6   | Killed a death yak
 19881 | Lair:6   | Killed a death yak
 19882 | Lair:6   | Noticed a death yak
 19882 | Lair:6   | Noticed a death yak
 20092 | Lair:6   | Learned a level 6 spell: Bolt of Cold
 20204 | Lair:5   | Killed a death yak
 20204 | Lair:5   | Reached XP level 13. HP: 47/75 MP: 3/32
 20346 | Lair:6   | Reached skill level 2 in Poison Magic
 20626 | Lair:7   | Got an ichor-stained ring mail
 20664 | Lair:7   | Identified the +3 ring mail of the Equinox {rN+ Str+6 Dex+2} (You found it on level 7 of the Lair of Beasts)
 20737 | Lair:7   | Reached skill level 1 in Armour
 21288 | Lair:7   | Learned a level 1 spell: Apportation
 21390 | Lair:7   | Reached skill level 2 in Armour
 21390 | Lair:7   | Reached skill level 14 in Spellcasting
 21602 | Lair:7   | Found a snail-covered altar of Cheibriados.
 21770 | Lair:6   | Reached skill level 3 in Armour
 21870 | Lair:7   | Offered knowledge of Lightning Bolt by Vehumet.
 22793 | Lair:7   | Reached skill level 4 in Armour
 23415 | Lair:8   | Entered Level 8 of the Lair of Beasts
 23423 | Lair:8   | Reached skill level 3 in Hexes
 23432 | Lair:8   | Reached skill level 2 in Air Magic
 23445 | Lair:8   | Reached skill level 15 in Spellcasting
 23660 | Lair:8   | Reached skill level 1 in Translocations
 23672 | Lair:8   | Found a labyrinth entrance.
 23682 | Lab      | Entered a labyrinth
 24004 | Lab      | Noticed a minotaur
 24017 | Lab      | Killed a minotaur
 24017 | Lab      | Reached skill level 4 in Charms
 24021 | Lab      | Got a distressingly furry robe
 24154 | Lair:7   | Identified the +1 robe of Activism {+Blink} (You took it off a minotaur in a labyrinth)
 24288 | Lair:8   | Reached skill level 2 in Translocations
 24824 | Lair:8   | Reached skill level 3 in Ice Magic
 24830 | Lair:8   | Reached skill level 3 in Air Magic
 24998 | Lair:8   | Offered knowledge of Orb of Destruction by Vehumet.
 25107 | Lair:8   | Reached skill level 3 in Poison Magic
 25169 | Lair:8   | Reached skill level 4 in Hexes
 25573 | Lair:8   | Reached XP level 14. HP: 80/80 MP: 15/35
 26109 | Lair:8   | Reached skill level 5 in Armour
 26109 | Lair:8   | Reached skill level 12 in Fire Magic
 26136 | Lair:8   | Reached skill level 5 in Charms
 26136 | Lair:8   | Reached skill level 3 in Translocations
 26238 | Lair:8   | HP: 10/80 [dire elephant (27)]
 26238 | Lair:8   | Slain by a dire elephant

Vault maps used:
D:1:      dpeg_arrival_circle_labyrinth_b
D:2:      kennysheep_slug_shrine, marbit_many_paths
D:3:      nicolae_gozag_seed_capital
D:4:      kiku_gazebo_pond_becter, kennysheep_mini, minmay_ruptured
D:5:      xom_redecorated, first_bread
D:6:      grunt_temple_overflow_open, overflow_temple_1_default,
          lemuel_blue_sif_altar, minmay_temple_entry_glassed_door,
          nemelex_diamond_rough_becter
D:7:      nicolae_overflow_crystal_walls, okawaru_ov_weapons_minmay,
          uniq_duvessa, uniq_joseph
D:8:      grunt_temple_overflow_order_and_chaos_2, nicolae_tso_besieged_by_evil
D:9:      lemuel_crystal_altar, lair_0_dummy, nicolae_qazlal_eye_of_the_storm
Temple:   hc_temple_tempest_star_small
Lair:1:   portal_ice_cave_entry_ice_beasts, grunt_forest_large_clearing_hut,
          serial_bayou_shore_a
Lair:2:   lemuel_fruit_fields
Lair:3:   guppyfry_snake_entry_island, eino_house_with_fridge
Lair:4:   zaba_anthole, serial_bayou_shore_b, serial_bayou_shore_b
Lair:5:   grunt_megastairs_2
Lair:6:   swamp_mist, slime_altar_1, st_stairs_3, lemuel_fruit_tree,
          grunt_megastairs_4, infiniplex_staircase_pool_2, lemuel_fruit_fields
Lair:7:   basic_altar
Lair:8:   due_jungle_book, lab_entry_generic, st_stairs_9,
          infiniplex_staircase_pool, serial_bayou_shore_b, grunt_megastairs_3,
          lemuel_fruit_fields
Lab:      labyrinth_spiral
IceCv:    ice_cave_small_necro

Skill      XL: |  1  2  3  4  5  6  7  8  9 10 11 12 13 14 |
---------------+-------------------------------------------+-----
Dodging        | 3 4 5 9 |  9.8
Conjurations   | 2 3 4 5 6 8 10 12 | 12.2
Spellcasting   | 4 5 6 7 9 11 13 15 | 15.2
Fighting       | 1 2 6 |  6.4
Fire Magic     | 4 5 6 8 10 11 12 | 12.0
Hexes          | 2 4 |  4.3
Ice Magic      | 2 3 |  3.5
Air Magic      | 1 3 |  3.3
Poison Magic   | 1 3 |  3.4
Short Blades   | 1 3 |  3.1
Charms         | 3 4 5 |  5.0
Armour         | 4 5 |  5.0
Translocations | 2 3 |  3.0
Stealth        | |  2.4

Action                   |  1- 3 |  4- 6 |  7- 9 | 10-12 | 13-15 || total
-------------------------+-------+-------+-------+-------+-------++-------
Melee: Dagger            |       |       |    83 |    81 |    58 ||   222
Throw: Stone             |       |     3 |     1 |     1 |       ||     5
 Cast: Flame Tongue      |    69 |   135 |    24 |     3 |    17 ||   248
       Throw Flame       |       |     5 |   147 |   463 |   224 ||   839
       Sticky Flame      |       |       |    35 |    92 |    63 ||   190
       Ensorcelled Hiber |       |       |    15 |       |       ||    15
       Mephitic Cloud    |       |       |    10 |    23 |    30 ||    63
       Fireball          |       |       |       |    25 |    11 ||    36
       Iskenderun's Batt |       |       |       |     9 |    35 ||    44
       Bolt of Cold      |       |       |       |     2 |    17 ||    19
       Cure Poison       |       |       |       |       |     2 ||     2
Evoke: Wand              |       |     2 |       |     4 |       ||     6
       Deck              |       |       |       |     1 |       ||     1
       Sack of spiders   |       |       |       |     1 |       ||     1
  Use: Scroll            |     5 |     5 |     7 |    11 |     6 ||    34
       Potion            |       |       |       |     1 |       ||     1
 Stab: Sleeping          |       |       |     4 |       |       ||     4
       Confused          |       |       |       |     1 |     1 ||     2
  Eat: Chunk             |     3 |     4 |     7 |    21 |     7 ||    42
       Beef jerky        |       |     1 |     1 |     1 |       ||     3
       Fruit             |       |       |     5 |     2 |     5 ||    12
       Meat ration       |       |       |     1 |     1 |     1 ||     3
       Royal jelly       |       |       |     1 |     1 |       ||     2
       Pizza             |       |       |       |     3 |     4 ||     7
Armor: Robe              |     5 |    10 |    18 |    23 |       ||    56
       Ring mail         |       |       |       |       |    39 ||    39
Dodge: Dodged            |    26 |    50 |    81 |   132 |   140 ||   429
Block: Other             |       |       |    18 |    15 |       ||    33

Vault maps used:
D:1:      dpeg_arrival_circle_labyrinth_b
D:2:      kennysheep_slug_shrine, marbit_many_paths
D:3:      nicolae_gozag_seed_capital
D:4:      kiku_gazebo_pond_becter, kennysheep_mini, minmay_ruptured
D:5:      xom_redecorated, first_bread
D:6:      grunt_temple_overflow_open, overflow_temple_1_default,
          lemuel_blue_sif_altar, minmay_temple_entry_glassed_door,
          nemelex_diamond_rough_becter
D:7:      nicolae_overflow_crystal_walls, okawaru_ov_weapons_minmay,
          uniq_duvessa, uniq_joseph
D:8:      grunt_temple_overflow_order_and_chaos_2, nicolae_tso_besieged_by_evil
D:9:      lemuel_crystal_altar, lair_0_dummy, nicolae_qazlal_eye_of_the_storm
Temple:   hc_temple_tempest_star_small
Lair:1:   portal_ice_cave_entry_ice_beasts, grunt_forest_large_clearing_hut,
          serial_bayou_shore_a
Lair:2:   lemuel_fruit_fields
Lair:3:   guppyfry_snake_entry_island, eino_house_with_fridge
Lair:4:   zaba_anthole, serial_bayou_shore_b, serial_bayou_shore_b
Lair:5:   grunt_megastairs_2
Lair:6:   swamp_mist, slime_altar_1, st_stairs_3, lemuel_fruit_tree,
          grunt_megastairs_4, infiniplex_staircase_pool_2, lemuel_fruit_fields
Lair:7:   basic_altar
Lair:8:   due_jungle_book, lab_entry_generic, st_stairs_9,
          infiniplex_staircase_pool, serial_bayou_shore_b, grunt_megastairs_3,
          lemuel_fruit_fields
Lab:      labyrinth_spiral
IceCv:    ice_cave_small_necro

Table legend:
 A = Turns spent in this place as a percentage of turns spent in the entire game.
 B = Non-inter-level travel turns spent in this place as a percentage of non-inter-level travel turns spent in the entire game.
 C = Inter-level travel turns spent in this place as a percentage of turns spent in this place.
 D = Turns resting spent in this place as a percentage of non-inter-level travel turns spent in this place.
 E = Turns spent auto-exploring this place as a percentage of non-inter-level travel turns spent in this place.
 F = Non-inter-level travel turns spent in this place divided by the number of levels of this place that you've seen.
                   A       B       C       D       E      F
               +-------+-------+-------+-------+-------+----------------------
         Total | 100.0 | 100.0 |   0.7 |   5.7 |   5.5 | 322.9
       Dungeon |  34.0 |  34.0 |   0.6 |   5.4 |   7.8 | 244.1
        Temple |   0.4 |   0.4 |   7.4 |   0.0 |   8.0 |  25.0
          Lair |  59.6 |  59.6 |   0.8 |   6.4 |   4.7 | 480.9
     Labyrinth |   5.9 |   6.0 |   0.0 |   1.3 |   0.0 | 385.0
      Ice Cave |   0.0 |   0.0 |   0.0 |   0.0 |   0.0 |   3.0
               +-------+-------+-------+-------+-------+----------------------

Table legend:
 A = Kills in this place as a percentage of kills in entire the game.
 B = Kills by you in this place as a percentage of kills by you in the entire game.
 C = Kills by friends in this place as a percentage of kills by friends in the entire game.
 D = Other kills in this place as a percentage of other kills in the entire game.
 E = Experience gained in this place as a percentage of experience gained in the entire game.
 F = Experience gained in this place divided by the number of levels of this place that you have seen.
                   A       B       C       D       E      F
               +-------+-------+-------+-------+-------+----------------------
         Total | 100.0 | 100.0 | 100.0 | 100.0 | 100.0 | 3451.4
       Dungeon |  34.0 |  34.4 |   0.0 |   0.0 |   6.7 | 511.1
          Lair |  65.8 |  65.4 | 100.0 | 100.0 |  91.8 | 7917.2
     Labyrinth |   0.2 |   0.2 |   0.0 |   0.0 |   1.6 | 1091.0
               +-------+-------+-------+-------+-------+----------------------
